 Dungeon Crawl Stone Soup version 0.32-a0-913-g739538afd8 (webtiles) character file.

Game seed: 16935013554730049315

560 spaghetti the Grave Robber (level 7, -3/60 HPs)
             Began as a Naga Hunter on Apr 9, 2024.
             Was an Initiate of Cheibriados.
             Slain by an iguana (9 damage)
             ... on level 5 of the Dungeon.
             The game lasted 00:04:39 (3879 turns).

spaghetti the Grave Robber (Naga Hunter)            Turns: 3879, Time: 00:04:40

Health: -3/60      AC:  3    Str: 18    XL:     7   Next: 31%
Magic:  7/7        EV:  8    Int: 13    God:    Cheibriados [......]
Gold:   220        SH:  0    Dex: 17    Spells: 6/6 levels left

rFire   . . .        b - +8 rapier of Nemelex Xobeh {vamp, rCorr Str+4 Dex+2 SInv}
rCold   . . .        (no shield)
rNeg    . . .        c - +0 leather armour
rPois   +            (no helmet)
rElec   .            (no cloak)
rCorr   +            (no gloves)
SInv    +            (no barding)
Will    .....        k - amulet of regeneration
Stlth   ++           (no ring)
HPRegen 1.10/turn    (no ring)
MPRegen 0.10/turn

%: no passive effects
@: very slow
A: AC +2, large, see invisible, deformed body, poison resistance, slowness 2,
spit poison 1, naga tail 1
a: Spit Poison, Renounce Religion


You were on level 5 of the Dungeon.
You worshipped Cheibriados.
Cheibriados was noncommittal.
You visited 2 branches of the dungeon, and saw 6 of its levels.

You collected 220 gold pieces.

Inventory:

Hand Weapons
 a - a +1 shortbow
 b - the +8 rapier of Nemelex Xobeh (weapon) {vamp, rCorr Str+4 Dex+2 SInv}
   (You found it on level 5 of the Dungeon)

   Str+4:     It affects your strength (+4).
   Dex+2:     It affects your dexterity (+2).
   SInv:      It lets you see invisible.
   rCorr:     It protects you from acid and corrosion.
Armour
 c - a +0 leather armour (worn)
Jewellery
 h - a ring of fire
 k - an amulet of regeneration (around neck)
Scrolls
 d - 2 scrolls of teleportation
 e - a scroll of silence
 g - 2 scrolls of amnesia
 i - a scroll of identify {unknown}
 l - a scroll of blinking
 m - 3 scrolls of butterflies
Potions
 f - 3 potions of curing
 j - a potion of ambrosia
 n - a potion of attraction


   Skills:
 - Level 2.0 Fighting
 - Level 4.0 Ranged Weapons
 - Level 1.5 Dodging
 - Level 1.5 Stealth
 + Level 7.2 Necromancy


You had 6 spell levels left.
You didn't know any spells.
Your spell library contained the following spells:

 Spells                   Type           Power      Damage    Failure   Level
 Kiss of Death            Conj/Necr      36%        2d8       9%          1
 Dispel Undead            Necr           18%        3d11      19%         4
 Confusing Touch          Hex            0%         N/A       73%         3
 Sigil of Binding         Hex            0%         N/A       73%         3
 Death Channel            Necr           9%         N/A       96%         6
 Sculpt Simulacrum        Ice/Alch       0%         N/A       100%        6


Dungeon Overview and Level Annotations

Branches:
Dungeon (5/15)             Temple (1/1) D:4

Altars:
Ashenzari
Cheibriados
Elyvilon
Gozag
Hepliaklqana
Kikubaaqudgha
Makhleb
Nemelex Xobeh
Okawaru
Qazlal
Ru
Sif Muna
Trog
Uskayaw
Vehumet
Xom


Innate Abilities, Weirdness & Mutations

Your serpentine skin is tough. (AC +2)
You have supernaturally acute eyesight. (SInv)
Armour fits poorly on your strangely shaped body.
Your system is resistant to poisons. (rPois)
You cover ground very slowly.
You can spit poison.
You have a snake-like lower body.


Message History

The arrow hits you!
The centaur unwields a +0 shortbow.
The centaur misses you.
The centaur kicks you but does no damage.
The centaur hits you. The centaur kicks you.
You hit the centaur.
You feel better.
The centaur is lightly wounded.
The centaur hits you but does no damage.
The centaur kicks you but does no damage.
The centaur hits you. The centaur kicks you.
You hit the centaur.
You feel better.
The centaur is moderately wounded.
The centaur misses you. The centaur kicks you. The iguana bites you!
The centaur hits you but does no damage.
The centaur barely misses you.
You hit the centaur.
The centaur is heavily wounded.
The centaur hits you but does no damage.
The centaur closely misses you. The iguana closely misses you.
The centaur hits you but does no damage.
The centaur kicks you but does no damage.
You barely miss the centaur.
The centaur is heavily wounded.
The iguana bites you!
* * * LOW HITPOINT WARNING * * *
The centaur hits you.
* * * LOW HITPOINT WARNING * * *
The centaur kicks you but does no damage.
Unknown command.
You puncture the centaur!
You kill the centaur!
Cheibriados appreciates the change of pace.
The iguana misses you. The iguana bites you!
* * * LOW HITPOINT WARNING * * *
Your Necromancy skill increases to level 7!
Unknown command.
You hit the iguana.
The iguana is heavily wounded.
The iguana bites you!
You die...
Cheibriados appreciates the motionlessness of death.

.# ..#...#...# .#
.#...#####...# # ...
.#...#...#...# .# ...
###.#.....#.###.# ....
...###...###...## .....
#.....###.#.....###....#
.....###....##...#....#
............###..)...#§#
..............##@l...§§.
....#.#..............#§#
......#.........(#...§#
....[......##..###.....#
................. .....
............##...? ....#
............ ##.... ...#
........... .##. ....
.#...##.## .. ..


You could see an iguana.

Vanquished Creatures
  A centaur (D:5)
  A scorpion (D:5)
  3 jellies
  An orc priest (D:4)
  A hound (D:4)
  An iguana (D:5)
  Jessica (D:2)
  2 orc wizards
  9 adders
  2 ribbon worms
  3 dart slugs
  6 orcs
  4 ball pythons
  5 endoplasms
  2 giant cockroaches
  9 goblins
  10 hobgoblins
  4 kobolds
  4 quokkas
  4 bats
  2 frilled lizards
  5 rats
80 creatures vanquished.

Notes
Turn   | Place    | Note
-------+----------+-------------------------------------------
     0 | D:1      | spaghetti the Naga Hunter began the quest for the Orb.
     0 | D:1      | Reached XP level 1. HP: 19/19 MP: 1/1
   216 | D:2      | Reached XP level 2. HP: 26/26 MP: 2/2
   417 | D:1      | Reached skill level 1 in Necromancy
   627 | D:1      | Reached XP level 3. HP: 32/32 MP: 3/3
   643 | D:1      | Reached skill level 2 in Necromancy
  1675 | D:2      | Noticed Jessica
  1686 | D:2      | Killed Jessica
  1687 | D:2      | Reached skill level 3 in Necromancy
  1687 | D:2      | Reached XP level 4. HP: 38/39 MP: 4/4
  1809 | D:2      | Found a broken altar of Ashenzari.
  1999 | D:3      | Found a burning altar of Makhleb.
  2047 | D:3      | Reached skill level 4 in Necromancy
  2047 | D:3      | Reached XP level 5. HP: 45/45 MP: 5/5
  2159 | D:3      | Found a faded altar of an unknown god.
  2499 | D:4      | Found a staircase to the Ecumenical Temple.
  2687 | D:4      | Reached skill level 5 in Necromancy
  2781 | D:4      | Reached XP level 6. HP: 52/52 MP: 6/6
  3256 | D:4      | Reached skill level 6 in Necromancy
  3627 | D:5      | Entered Level 5 of the Dungeon
  3646 | Temple   | Entered the Ecumenical Temple
  3659 | Temple   | Became a worshipper of Cheibriados the Contemplative
  3759 | D:5      | Identified the +8 rapier of Nemelex Xobeh {vamp, rCorr
                  | Str+4 Dex+2 SInv}
  3814 | D:5      | Reached XP level 7. HP: 49/60 MP: 7/7
  3879 | D:5      | Reached skill level 7 in Necromancy
  3879 | D:5      | Slain by an iguana

Illustrated notes

Levels and vault maps discovered:
D:1:      lightli_arrival_statue_moat, layout_basic, minmay_vboxes
D:2:      layout_basic, basic_altar, uniq_jessica
D:3:      layout_basic, lemuel_crystal_altar, chequers_ecumenical_altar_island
D:4:      layout_layer_cave, minmay_temple_entry_tees
D:5:      nicolae_cairo_tiling, layout_cave_pools,
          grunt_dithmenos_smoke_and_mirrors, serial_shops,
          nicolae_take_the_stairs
Temple:   hellmonk_temple_two_chambers

Skill      XL: |  1  2  3  4  5  6  7 |
---------------+----------------------+-----
Ranged Weapons | 4 |  4.0
Necromancy     | 1 3 4 5 6 7 |  7.2
Fighting       | |  2.0
Dodging        | |  1.5
Stealth        | |  1.5

Action                     |  1- 3 |  4- 6 |  7- 9 || total
---------------------------+-------+-------+-------++-------
  Melee: Rapier            |       |     4 |     7 ||    11
         Shortbow          |       |     3 |       ||     3
   Fire: Shortbow          |   108 |   183 |     7 ||   298
Ability: Spit Poison       |     2 |     6 |       ||     8
    Use: Potion            |     1 |     5 |       ||     6
         Scroll            |       |     7 |       ||     7
 Armour: Leather armour    |    30 |   126 |    25 ||   181
  Dodge: Dodged            |    20 |    63 |     6 ||    89

Table legend: (Time is in decaauts)
 A = Elapsed time spent in this place.
 B = Non-inter-level travel time spent in this place.
 C = Inter-level travel time spent in this place.
 D = Time resting spent in this place.
 E = Time spent auto-exploring this place.
 F = Levels seen in this place.
 G = Mean time per level.
                   A        B        C        D        E       F      G
               +--------+--------+--------+--------+--------+-----+--------+
         Total |   5203 |   4906 |    297 |    363 |   3887 |   6 |  867.2 |
       Dungeon |   5170 |   4889 |    281 |    363 |   3887 |   5 | 1034.0 |
        Temple |     33 |     18 |     15 |      0 |      0 |   1 |   33.0 |
               +--------+--------+--------+--------+--------+-----+--------+

Top non-repeatable levels by time:
     D:4: 1575 daAuts
     D:1: 1324 daAuts
     D:2: 1284 daAuts
     D:3: 674 daAuts
     D:5: 311 daAuts
  Temple: 33 daAuts
